 Dungeon Crawl Stone Soup version 0.25-a0-589-g1e14c54 (webtiles) character file.

Game seed: 8205035720518918604, levelgen mode: deterministic

57576 BlueFish the Fencer (level 14, -5/133 HPs)
             Began as a Minotaur Fighter on Mar 11, 2020.
             Was a High Priest of Yredelemnul.
             Collided with a stone wall (10 damage)
             ... caused by a wretched star
             ... on level 2 of the Abyss.
             The game lasted 00:53:55 (19814 turns).

BlueFish the Fencer (Minotaur Fighter)             Turns: 19814, Time: 00:53:56

Health: -5/133     AC: 15    Str: 23    XL:     14   Next: 46%
Magic:  20/20      EV: 10    Int:  4    God:    Yredelemnul [*****.]
Gold:   2040       SH:  6    Dex: 12    Spells: 13/13 levels left

rFire    + . .     SeeInvis +   i - +1 demon blade (flame)
rCold    + + .     Gourm    .   O - +1 buckler of Arura {Int+3}
rNeg     . . .     Faith    .   u - +0 plate armour
rPois    +         Spirit   .   (helmet restricted)
rElec    +         Reflect  .   Q - +0 cloak
rCorr    +         Harm     .   (no gloves)
MR       +....                  A - +0 pair of boots "Gaiczoll" {*Drain rPois rC+ Slay+5}
Stlth    ..........             (no amulet)
HPRegen  0.32/turn              h - +5 ring of strength
MPRegen  0.17/turn              y - ring of see invisible

@: about to teleport, resistant
A: retaliatory headbutt, horns 2, [blurry vision 3], [clumsy 1], [deformed
body], [dopey 2], [weak 2]
a: Recall Undead Slaves, Injury Mirror, Animate Dead, Drain Life, Enslave Soul,
Renounce Religion


You were on level 2 of the Abyss.
You worshipped Yredelemnul.
Yredelemnul was extremely pleased with you.
You were not hungry.

You visited 4 branches of the dungeon, and saw 22 of its levels.
You visited the Abyss 1 time.
You also visited: Ossuary.

You collected 2040 gold pieces.

Inventory:

Hand Weapons
 a - a +0 long sword of draining
 i - a +1 demon blade of flaming (weapon)
 F - a +0 scimitar of flaming
Armour
 c - a +0 kite shield
 u - a +0 plate armour (worn)
 A - the +0 pair of boots "Gaiczoll" (worn) {*Drain rPois rC+ Slay+5}
   (You acquired it on level 7 of the Dungeon)

   It affects your accuracy and damage with ranged weapons and melee attacks
   (+5).
   It protects you from cold.
   It protects you from poison.
   It causes draining when unequipped.
 K - +0 acid dragon scales
 O - the +1 buckler of Arura (worn) {Int+3}
   (You found it on level 5 of the Lair of Beasts)

   It affects your intelligence (+3).
 Q - a +0 cloak (worn)
Jewellery
 h - a +5 ring of strength (left hand)
 y - a ring of see invisible (right hand)
 W - an uncursed ring of protection from cold
Wands
 k - a wand of paralysis (46)
 B - a wand of random effects (59)
 G - a wand of scattershot (2)
 I - a wand of disintegration (29)
 M - a wand of enslavement (9)
 P - a wand of acid (8)
 T - a wand of digging (5)
Scrolls
 m - 4 scrolls of vulnerability {unknown}
 o - 13 scrolls of remove curse
 p - 4 scrolls of blinking
 q - a scroll of teleportation
 r - 5 scrolls of fear
 t - 4 scrolls of fog
 w - a scroll of noise {unknown}
 x - a scroll of enchant armour
 C - a scroll of random uselessness
 D - a scroll of immolation
 E - a scroll of enchant weapon
 H - 2 scrolls of magic mapping
 L - a scroll of summoning
 N - a scroll of holy word
 V - 3 scrolls of identify
Potions
 b - 8 potions of flight
 d - 4 potions of might
 e - 5 potions of curing
 g - 2 potions of resistance
 j - 4 potions of haste
 l - 2 potions of invisibility
 n - a potion of cancellation
 s - 2 potions of magic
 v - 4 potions of lignification
 z - 3 potions of brilliance
 U - a potion of mutation
Comestibles
 f - 53 rations


   Skills:
 * Level 14.6 Fighting
 * Level 16.5 Long Blades
 * Level 15.5 Armour
 + Level 5.8 Dodging
 * Level 6.4 Shields
 * Level 9.8 Invocations


You had 13 spell levels left.
You didn't know any spells.
Your spell library contained the following spells:

 Spells                   Type           Power        Failure   Level  Hunger
 Animate Skeleton         Necr           N/A          99%         1    ##.....
 Apportation              Tloc           #.....       99%         1    ##.....
 Corona                   Hex            #......      99%         1    ##.....
 Foxfire                  Conj/Fire      #...         99%         1    ##.....
 Magic Dart               Conj           #...         99%         1    ##.....
 Shock                    Conj/Air       #...         99%         1    ##.....
 Summon Small Mammal      Summ           #...         99%         1    ##.....
 Blink                    Tloc           N/A          100%        2    ###....
 Call Imp                 Summ           #.......     100%        2    ###....
 Ensorcelled Hibernation  Hex/Ice        #.....       100%        2    ###....
 Slow                     Hex            #.......     100%        2    ###....
 Swiftness                Chrm/Air       #.......     100%        2    ###....
 Confusing Touch          Hex            #.......     100%        3    ####...
 Conjure Flame            Conj/Fire      #.......     100%        3    ####...
 Dazzling Flash           Conj/Hex       #.....       100%        3    ####...
 Inner Flame              Hex/Fire       #.......     100%        3    ####...
 Mephitic Cloud           Conj/Pois/Air  #.......     100%        3    ####...
 Static Discharge         Conj/Air       #.......     100%        3    ####...
 Tukima's Dance           Hex            #.......     100%        3    ####...
 Airstrike                Air            #.........   100%        4    #####..
 Sticky Flame             Conj/Fire      #.......     100%        4    #####..
 Fireball                 Conj/Fire      #.........   100%        5    ######.
 Lightning Bolt           Conj/Air       #.........   100%        5    ######.


Dungeon Overview and Level Annotations

Branches:
Dungeon (13/15)            Temple (1/1) D:7            Lair (6/6) D:11
 Shoals (0/4) Lair:2        Snake (0/4) Lair:2        Slime (0/5) Lair:5
    Orc (2/2) D:10            Elf (0/3) Orc:2       Ossuary (visited)
 Vaults: D:13-14

Altars:
Ashenzari
Cheibriados
Dithmenos
Elyvilon
Fedhas
Gozag
Hepliaklqana
Kikubaaqudgha
Makhleb
Nemelex Xobeh
Okawaru
Qazlal
Ru
Sif Muna
Trog
Uskayaw
Vehumet
Wu Jian
Xom
Yredelemnul
Zin
The Shining One
Beogh
Jiyva

Shops:
Orc:2 ([((

Annotations:
D:13 Erolcha


Innate Abilities, Weirdness & Mutations

You reflexively headbutt those who attack you in melee.
You have a pair of horns on your head.
[Scrolls take you much longer to read.]
[You are clumsy. (Dex -2)]
[Armour fits poorly on your strangely shaped body.]
[You are very dopey. (Int -4)]
[You are very weak. (Str -4)]


Message History

You are knocked back by the lance of force.
You slam into the crystal wall!
* * * LOW HITPOINT WARNING * * *
You feel better.
You are engulfed in freezing vapours.
You resist.
* * * LOW HITPOINT WARNING * * *
Some walls begin to move on their own!
The wretched star is engulfed in freezing vapours.
The golden eye blinks!
The wretched star is engulfed in freezing vapours.
The wretched star pulses with an eldritch light!
Your body twists and deforms.
You feel stupid. x2
The golden eye blinks!
The wretched star is engulfed in freezing vapours.
The wretched star glows turbulently.
The lance of force hits you!
* * * LOW HITPOINT WARNING * * *
You are knocked back by the lance of force.
You slam into the stone wall!
You die...
Your body rises from the dead as a mindless zombie.

.#..#.###...X.#...
..
.....####...###...
#..#.#.#....!#.§.
#..#............
#..#.X........
#°#...........
.#°##EG...#...
##○###e.#....
##*...@# #.#
#..##......#
#.##.##.#....
#.#.. #.. .. ###..
... .#. ..# .#..
## .. .#


You could see a wretched star, a deep elf elementalist, a large abomination, an
earth elemental (wandering) and a golden eye.

Vanquished Creatures
  A tentacled starspawn (Abyss:2)
  An orc warlord (Orc:2)
  6 dire elephants (Lair:6)
  Josephine (D:11)
  2 starcursed masses (Abyss:2)
  3 hydras
  An anaconda (Lair:6)
  A centaur warrior (D:13)
  Erica (D:9)
  6 two-headed ogres
  An orc high priest (Orc:2)
  A thrashing horror (Abyss:2)
  A wretched star (Abyss:2)
  2 unseen horrors (D:10)
  The ghost of Dittersdorf the Spear-Bearer, a novice MfFi of Okawaru (D:7)
  3 orc knights (Orc:2)
  3 oklob plants
  A worldbinder (Abyss:2)
  An orc sorcerer (Orc:2)
  A cyclops (D:11)
  7 elephants
  Joseph (Lair:1)
  2 black mambas
  3 spiny frogs
  A torpor snail (Lair:4)
  Maggie (D:7)
  2 rime drakes
  5 komodo dragons
  An ancient zyme (Abyss:2)
  A troll (D:9)
  5 polar bears
  2 dream sheep (D:9)
  12 blink frogs
  4 hippogriffs
  4 wyverns
  A ynoxinul (Abyss:2)
  A shadow (D:11)
  3 fire bats (D:11)
  6 wraiths
  24 yaks
  2 golden eyes (Abyss:2)
  6 basilisks
  4 vampire mosquitoes (D:9)
  Edmund (D:6)
  3 nagas (Lair:2)
  2 wargs
  A soldier ant (D:10)
  9 water moccasins
  A hell hound (D:11)
  Duvessa (D:7)
  2 porcupines (Lair:4)
  24 orc warriors
  4 sky beasts
  6 ice beasts
  4 black bears
  2 ogres
  2 necrophages
  4 wolves (Lair:2)
  2 phantoms
  3 centaurs
  5 crocodiles
  A small abomination (Abyss:2)
  2 big kobolds (D:9)
  5 bullfrogs
  A wyvern zombie (D:12)
  Dowan (D:7)
  11 killer bees
  3 scorpions
  4 wights (D:9)
  3 howler monkeys
  An electric eel (Lair:1)
  7 jellies
  3 crimson imps
  2 lava snakes (D:11)
  A bullfrog zombie (D:6)
  A quasit (Abyss:2)
  7 hounds
  13 orc priests
  A bullfrog skeleton (D:12)
  A centaur skeleton (D:5)
  5 iguanas
  26 orc wizards
  8 worker ants
  4 big kobold zombies (Ossuary)
  3 hound zombies
  2 mummies
  A worker ant zombie (D:6)
  4 gnolls (D:3)
  14 adders
  6 shadow imps
  An ooze (Lair:5)
  2 adder skeletons
  4 worms
  8 leopard geckos
  114 orcs
  5 spectral bats (Ossuary)
  A ball python (D:4)
  5 giant cockroaches
  9 goblins
  2 hobgoblins (D:3)
  28 jackals
  6 quokkas
  9 bats
  2 bat simulacra (Ossuary)
  3 frilled lizards
  8 gnoll zombies (Ossuary)
  3 goblin simulacra (Ossuary)
  7 goblin zombies
  6 hobgoblin zombies (Ossuary)
  A jackal zombie (D:7)
  4 kobolds
  4 kobold simulacra (Ossuary)
  3 kobold zombies (Ossuary)
  4 orc zombies (Ossuary)
  3 quokka skeletons
  8 rats
  A rat simulacrum (Ossuary)
  3 spectral goblins (Ossuary)
  4 spectral kobolds (Ossuary)
  4 spectral rats (Ossuary)
  A fire vortex (D:11)
  4 plants
  A starspawn tentacle (Abyss:2)
621 creatures vanquished.

Vanquished Creatures (collateral kills)
  An orc high priest (Orc:2)
  2 elephants (Lair:5)
  4 black mambas
  A spiny frog (Lair:4)
  A rime drake (Lair:3)
  2 polar bears
  3 blink frogs (Lair:4)
  A wyvern (Lair:6)
  A fire bat (D:11)
  A basilisk (Lair:6)
  6 yaks
  A warg (Orc:2)
  2 water moccasins
  A porcupine (Lair:3)
  5 orc warriors (Orc:2)
  2 phantoms (D:10)
  2 centaurs (D:13)
  A crocodile (Lair:6)
  A big kobold (D:9)
  A bullfrog (Lair:4)
  A jelly (Lair:5)
  2 orc priests
  4 orc wizards
  A worker ant (D:9)
  18 orcs
  42 fungi
  21 plants
128 creatures vanquished.

Vanquished Creatures (others)
  A phantasmal warrior (Orc:2)
  A large abomination (Abyss:2)
  4 flying skulls
  A black mamba zombie (Lair:2)
  A two-headed ogre zombie (D:11)
  A human zombie (D:11)
  An elephant zombie (Lair:6)
  A blink frog zombie (Lair:4)
  An elephant skeleton (Lair:6)
  A komodo dragon skeleton (Lair:2)
  A cyclops zombie (D:11)
  A hell hound zombie (D:11)
  A wyvern skeleton (D:11)
  2 water moccasin zombies
  2 yak zombies (D:11)
  3 wights
  A polar bear skeleton (Lair:6)
  2 yak skeletons
  A wolf skeleton (Lair:2)
  A black bear skeleton (D:11)
  3 killer bee zombies (D:11)
  2 naga zombies (Lair:2)
  2 crocodile skeletons (Lair:6)
  A hound zombie (D:10)
  A mummy (D:11)
  A worker ant zombie (D:9)
  A hound skeleton (D:9)
  2 howler monkey skeletons (D:10)
  An adder zombie (D:11)
  An iguana skeleton (Lair:2)
  A jackal skeleton (D:10)
  A jackal zombie (D:11)
  3 orc skeletons (D:10)
  28 orc zombies
  A quokka skeleton (D:11)
  2 fire vortices (D:11)
  5 fungi
  7 plants
  4 starspawn tentacles (Abyss:2)
95 creatures vanquished.

Grand Total: 844 creatures vanquished

Notes
Turn   | Place    | Note
-------+----------+-------------------------------------------
     0 | D:1      | BlueFish the Minotaur Fighter began the quest for the Orb.
     0 | D:1      | Reached XP level 1. HP: 19/19 MP: 0/0
   236 | D:1      | Reached XP level 2. HP: 27/27 MP: 1/1
   658 | D:2      | Reached XP level 3. HP: 19/33 MP: 2/2
   819 | D:2      | Reached skill level 3 in Long Blades
  1146 | D:3      | Reached XP level 4. HP: 35/41 MP: 3/3
  1308 | D:3      | Found a shimmering blue altar of Sif Muna.
  1342 | D:3      | Reached skill level 4 in Long Blades
  1476 | D:3      | Reached XP level 5. HP: 47/47 MP: 4/4
  1530 | D:3      | Reached skill level 1 in Dodging
  2027 | D:4      | Reached skill level 5 in Fighting
  2027 | D:4      | Reached skill level 5 in Long Blades
  2027 | D:4      | Reached skill level 5 in Armour
  2266 | D:4      | Reached XP level 6. HP: 52/56 MP: 5/5
  2693 | D:4      | Reached skill level 6 in Long Blades
  2710 | D:4      | Reached skill level 9 in Long Blades
  2710 | D:4      | Reached skill level 5 in Dodging
  2710 | D:4      | Reached XP level 7. HP: 63/70 MP: 6/6
  2759 | D:5      | Entered Level 5 of the Dungeon
  2943 | D:5      | Found a sand-covered staircase.
  2945 | D:5      | Reached skill level 10 in Long Blades
  2945 | D:5      | Reached XP level 8. HP: 37/78 MP: 7/7
  2949 | Ossuary  | Entered an ossuary
  4151 | D:6      | Noticed Edmund
  4171 | D:6      | Killed Edmund
  4448 | D:6      | Found a burning altar of Makhleb.
  4450 | D:6      | Noticed an Executioner
  4454 | D:6      | Noticed a smoke demon
  4454 | D:6      | Noticed a smoke demon
  4571 | D:7      | Identified a scroll of acquirement
  4627 | D:7      | Reached skill level 10 in Armour
  4629 | D:7      | Noticed Duvessa
  4632 | D:7      | Noticed Dowan
  4642 | D:7      | Killed Duvessa
  4642 | D:7      | Reached XP level 9. HP: 69/85 MP: 8/8
  4668 | D:7      | Killed Dowan
  4852 | D:7      | Found a sacrificial altar of Ru.
  4970 | D:7      | Identified the +0 pair of boots "Gaiczoll" {*Drain rPois
                  | rC+ Slay+5} (You acquired it on level 7 of the Dungeon)
  5009 | D:7      | Noticed Maggie
  5013 | D:7      | Killed Maggie
  5013 | D:7      | Reached skill level 11 in Long Blades
  5058 | D:7      | Found a glowing silver altar of Zin.
  5066 | D:7      | Found a runed translucent gate.
  5067 | D:7      | Found a runed translucent gate.
  5067 | D:7      | Noticed Dittersdorf's ghost (novice MfFi)
  5071 | D:7      | Reached skill level 10 in Fighting
  5111 | D:7      | Found a runed translucent gate.
  5186 | D:7      | Found a staircase to the Ecumenical Temple.
  5196 | Temple   | Entered the Ecumenical Temple
  5265 | Temple   | Became a worshipper of Yredelemnul the Dark
  5361 | D:7      | Found a hazy altar of Hepliaklqana.
  5524 | D:7      | Killed Dittersdorf's ghost
  5552 | D:8      | Noticed a two-headed ogre
  5559 | D:8      | Killed a two-headed ogre
  5559 | D:8      | Reached skill level 12 in Long Blades
  5559 | D:8      | Reached skill level 1 in Invocations
  5606 | D:8      | Reached XP level 10. HP: 94/94 MP: 10/10
  5817 | D:8      | Found a roughly hewn altar of Beogh.
  5828 | D:8      | Reached * piety under Yredelemnul
  6121 | D:9      | Noticed Erica
  6236 | D:9      | Noticed a two-headed ogre
  6242 | D:9      | Killed a two-headed ogre
  6375 | D:9      | Noticed a two-headed ogre
  6383 | D:9      | Killed a two-headed ogre
  6383 | D:9      | Reached ** piety under Yredelemnul
  6383 | D:9      | Reached skill level 13 in Long Blades
  6665 | D:9      | Killed Erica
  6665 | D:9      | Reached XP level 11. HP: 95/102 MP: 12/12
  7113 | D:9      | Noticed a three-headed hydra
  7118 | D:9      | Killed a one-headed hydra
  7161 | D:10     | Entered Level 10 of the Dungeon
  7171 | D:10     | Noticed an unseen horror
  7179 | D:10     | Killed an unseen horror
  7644 | D:10     | Reached *** piety under Yredelemnul
  7644 | D:10     | Noticed an unseen horror
  7650 | D:10     | Killed an unseen horror
  7650 | D:10     | Reached skill level 14 in Long Blades
  7668 | D:10     | Found a staircase to the Orcish Mines.
  7675 | D:10     | Received a gift from Yredelemnul (a mummy)
  7932 | D:11     | Noticed Josephine
  7937 | D:11     | Killed Josephine
  7937 | D:11     | Reached skill level 5 in Invocations
  8359 | D:11     | Noticed a two-headed ogre
  8363 | D:11     | Killed a two-headed ogre
  8363 | D:11     | Reached XP level 12. HP: 111/112 MP: 15/15
  8394 | D:11     | Received a gift from Yredelemnul (a wight)
  8413 | D:11     | Noticed a two-headed ogre
  8417 | D:11     | Killed a two-headed ogre
  8883 | D:11     | Noticed a four-headed hydra
  8888 | D:11     | Killed a one-headed hydra
  8888 | D:11     | Reached skill level 15 in Long Blades
  9010 | D:11     | Received a gift from Yredelemnul (a wight)
  9180 | D:11     | Your ally Josephine died
  9812 | D:11     | Found a staircase to the Lair.
  9824 | D:11     | Reached **** piety under Yredelemnul
  9843 | Lair:1   | Entered Level 1 of the Lair of Beasts
  9870 | Lair:1   | Noticed Joseph
  9880 | Lair:1   | Killed Joseph
 10810 | Lair:2   | Found an ancient bone altar of Kikubaaqudgha.
 10887 | Lair:2   | Found a staircase to the Shoals.
 11155 | Lair:2   | Found a staircase to the Snake Pit.
 11378 | Lair:2   | Received a gift from Yredelemnul (4 flying skulls)
 11746 | Lair:3   | Noticed a seven-headed hydra
 11755 | Lair:3   | Killed a five-headed hydra
 11758 | Lair:3   | Reached XP level 13. HP: 95/122 MP: 15/17
 12433 | Lair:3   | Got a jewelled ring mail
 12544 | Lair:4   | Received a gift from Yredelemnul (a wraith)
 12841 | Lair:4   | Found the +2 robe of Vines {NoPotionHeal Regen+7}
 13367 | Lair:5   | Found a runed translucent door.
 13367 | Lair:5   | Found a viscous altar of Jiyva.
 13369 | Lair:5   | Found a staircase to the Slime Pits.
 13412 | Lair:5   | Got a steaming buckler
 13418 | Lair:5   | Identified the +1 buckler of Arura {Int+3} (You found it on
                  | level 5 of the Lair of Beasts)
 13943 | Lair:5   | Found a white marble altar of Elyvilon.
 14374 | Lair:6   | Entered Level 6 of the Lair of Beasts
 14517 | Lair:6   | Got a bloodstained hand crossbow
 14694 | Lair:6   | Reached ***** piety under Yredelemnul
 14734 | Lair:6   | Reached skill level 16 in Long Blades
 15031 | Lair:6   | Received a gift from Yredelemnul (a wight)
 15303 | Lair:6   | Reached skill level 5 in Shields
 15438 | Lair:6   | Noticed a dire elephant
 15438 | Lair:6   | Noticed a dire elephant
 15448 | Lair:6   | Killed a dire elephant
 15454 | Lair:6   | Killed a dire elephant
 15489 | Lair:6   | Noticed a dire elephant
 15494 | Lair:6   | Killed a dire elephant
 15524 | Lair:6   | Noticed a dire elephant
 15531 | Lair:6   | Killed a dire elephant
 15654 | Lair:6   | Noticed a dire elephant
 15664 | Lair:6   | Killed a dire elephant
 15731 | Lair:6   | Noticed a dire elephant
 15739 | Lair:6   | Killed a dire elephant
 15903 | Orc:1    | Entered Level 1 of the Orcish Mines
 15996 | Orc:2    | Entered Level 2 of the Orcish Mines
 15996 | Orc:2    | Found a staircase to the Elven Halls.
 16043 | Orc:2    | Received a gift from Yredelemnul (a phantasmal warrior)
 16195 | Orc:2    | Found a roughly hewn altar of Beogh.
 16199 | Orc:2    | Found Tochiute's Weapon Shoppe.
 16204 | Orc:2    | Reached XP level 14. HP: 96/132 MP: 19/19
 16547 | Orc:2    | Found a roughly hewn altar of Beogh.
 16548 | Orc:2    | Found Gyej's Antique Weapon Emporium.
 16800 | Orc:2    | Noticed an orc warlord
 16828 | Orc:2    | Killed an orc warlord
 16828 | Orc:2    | Reached skill level 15 in Armour
 16829 | Orc:2    | Found Vahups's Antique Weapon Shoppe.
 16829 | Orc:2    | Found a roughly hewn altar of Beogh.
 16833 | Orc:2    | Found Daonumo's Antique Armour Emporium.
 17168 | Orc:2    | Found a roughly hewn altar of Beogh.
 17172 | Orc:2    | Received a gift from Yredelemnul (a vampire)
 17237 | Orc:2    | Found a roughly hewn altar of Beogh.
 17276 | Orc:2    | Found a roughly hewn altar of Beogh.
 17304 | Orc:2    | Found a roughly hewn altar of Beogh.
 17420 | Orc:2    | Found a roughly hewn altar of Beogh.
 18260 | D:12     | Received a gift from Yredelemnul (a vampire)
 18559 | D:12     | Got a steaming ring mail
 18990 | D:13     | Received a gift from Yredelemnul (a phantasmal warrior)
 19060 | D:13     | Noticed Erolcha
 19060 | D:13     | Cast into level 2 of the Abyss (Erolcha)
 19413 | Abyss:2  | Noticed a starcursed mass
 19452 | Abyss:2  | HP: 4/133 [starcursed mass/accursed screaming (10)]
 19528 | Abyss:2  | Noticed a starcursed mass
 19623 | Abyss:2  | Noticed a bone dragon
 19639 | Abyss:2  | Found a corrupted altar of Lugonu.
 19650 | Abyss:2  | Noticed a tentacled starspawn
 19662 | Abyss:2  | Noticed a starcursed mass
 19673 | Abyss:2  | Killed a tentacled starspawn
 19808 | Abyss:2  | Noticed a deep elf elementalist
 19814 | Abyss:2  | HP: 5/133 [wretched star/lance of force (14)]
 19814 | Abyss:2  | Collided with a stone wall

Levels and vault maps discovered:
D:1:      minmay_arrival_stone_box, layout_basic, serial_forest,
          infiniplex_forest_clump_C, infiniplex_forest_lined_2,
          infiniplex_forest_lined_corner, infiniplex_forest_zigzag_2,
          infiniplex_forest_lined_ring
D:2:      layout_rooms
D:3:      layout_basic, lemuel_blue_sif_altar
D:4:      black_bear_nest_1, layout_rooms
D:5:      layout_cave_pools, nicolae_ossuary_entry_giza, first_ration,
          serial_park, serial_park_square3 [serial_park_minivault_5x5_8],
          serial_park_avenue1, chequers_serial_rivers_micro_c
D:6:      layout_cave_pools, makhleb_altar_promises_db, uniq_edmund
D:7:      layout_rooms, kennysheep_mini_moat, temple_hall, basic_altar,
          ebering_ghost_rock_garden, nicolae_ru_the_path_less_chosen,
          uniq_duvessa, uniq_maggie
D:8:      layout_rooms, special_room [special_room_orc]
D:9:      layout_small_grid, hangedman_ranch [blue_anna_fruit_fields],
          uniq_erica
D:10:     layout_loops_ring, hiddenorc2_lemuel, minmay_fractal_squares_gapless_5
D:11:     layout_stronghold, dpeg_oklobed_lair, amethyst_killhole,
          hangedman_incinerator, uniq_josephine
D:12:     layout_layer_cave
D:13:     layout_layer_cave, serial_shops, shop, pond, uniq_sonja, uniq_erolcha,
          uniq_jorgrun
Temple:   regret_index_temple_chain_breaker
Lair:1:   layout_regular_city, st_stairs_4, gammafunk_lair_bear_cave,
          lemuel_fruit_tree, uniq_joseph
Lair:2:   beast_lair_carwin_large_2, layout_cave_pods, elwin_shoals_entry_rocks,
          guppyfry_snake_entry_island, basic_altar, cheibrodos_lair_lostbears,
          minmay_lair_oklob_chamber, infiniplex_staircase_pool_2
Lair:3:   layout_loops_ring, infiniplex_staircase_pool, grunt_megastairs_5
Lair:4:   layout_loops_ring
Lair:5:   layout_layer_cave, slime_altar_2, basic_altar, grunt_megastairs_2
Lair:6:   due_jungle_book, layout_cave_pods
Orc:1:    layout_diamond_mine, serial_shops, shop
Orc:2:    grunt_orc_community_town_hall, layout_caves,
          grunt_orc_community_big_house_1, grunt_orc_community_big_house_1,
          grunt_orc_community_house_1, grunt_orc_community_house_1,
          grunt_orc_community_house_3, grunt_orc_community_house_1,
          grunt_orc_community_house_3, grunt_orc_community_house_2,
          nicolae_orc_pool_cavern
Abyss:2:  base: Orc:1, hangedman_abyss_stitches_cave, evilmike_abyss_exit_16,
          guppyfry_abyss_exit_spiral_guarded

Skill      XL: |  1  2  3  4  5  6  7  8  9 10 11 12 13 14 |
---------------+-------------------------------------------+-----
Shields        | 4 5 6 |  6.4
Fighting       | 4 5 9 10 11 12 13 14 | 14.6
Armour         | 4 5 9 10 11 12 13 14 15 | 15.5
Long Blades    | 3 4 5 9 10 12 13 14 15 16 | 16.5
Dodging        | 1 5 |  5.8
Invocations    | 1 2 5 7 8 9 |  9.8

Action                   |  1- 3 |  4- 6 |  7- 9 | 10-12 | 13-15 || total
-------------------------+-------+-------+-------+-------+-------++-------
Melee: Long sword        |    59 |    94 |   239 |       |       ||   392
       Headbutt          |     6 |    25 |    76 |   116 |   146 ||   369
       Demon blade       |       |       |    63 |   465 |   428 ||   956
Invok: Animate Remains   |       |       |       |    24 |       ||    24
       Animate Dead      |       |       |       |    27 |    45 ||    72
       Recall Undead Sla |       |       |       |     3 |     4 ||     7
       Drain Life        |       |       |       |       |     7 ||     7
  Use: Scroll            |     3 |     3 |    10 |     6 |    14 ||    36
       Potion            |       |     1 |     2 |       |     7 ||    10
 Stab: Distracted        |       |       |       |     2 |     5 ||     7
  Eat: Chunk             |     1 |     5 |    10 |    35 |    39 ||    90
       Ration            |       |       |       |     1 |     2 ||     3
Armor: Ring mail         |    38 |    56 |    73 |       |       ||   167
       Plate armour      |       |       |    23 |   244 |   191 ||   458
Dodge: Dodged            |    61 |    82 |   169 |   231 |   165 ||   708
Block: Buckler           |       |       |       |       |   106 ||   106
       Rpst.: Long sword |    17 |    34 |    42 |       |       ||    93
       Demon blade       |       |       |     9 |    63 |    32 ||   104

Table legend:
 A = Non-vault XP
 B = Vault XP
 C = Vault XP percentage of total XP
 D = Non-vault monster count
 E = Vault monster count
 F = Vault count percentage of total count
                 A         B        C        D         E       F
            +---------+---------+-------+---------+---------+-------
      Total |   57327 |   24313 |  29.8 |     427 |     254 |  37.3
            +---------+---------+-------+---------+---------+-------
        D:1 |      25 |       0 |   0.0 |      16 |       0 |   0.0
        D:2 |      48 |       0 |   0.0 |      15 |       0 |   0.0
        D:3 |     216 |       0 |   0.0 |      33 |       0 |   0.0
        D:4 |     236 |     126 |  34.8 |      23 |       1 |   4.2
        D:5 |     450 |      33 |   6.8 |      26 |       5 |  16.1
        D:6 |     543 |     171 |  23.9 |      11 |       1 |   8.3
        D:7 |     328 |    1388 |  80.9 |      13 |       4 |  23.5
        D:8 |    1598 |     508 |  24.1 |      17 |      24 |  58.5
        D:9 |    4037 |    3003 |  42.7 |      29 |       9 |  23.7
       D:10 |    3147 |     759 |  19.4 |      32 |      35 |  52.2
       D:11 |    7160 |    4018 |  35.9 |      54 |      14 |  20.6
       D:12 |    1424 |       0 |   0.0 |      20 |       0 |   0.0
       D:13 |    2165 |       0 |   0.0 |       6 |       0 |   0.0
     Lair:1 |     449 |    1233 |  73.3 |       2 |       5 |  71.4
     Lair:2 |    3538 |    2914 |  45.2 |      18 |      14 |  43.8
     Lair:3 |    2964 |     348 |  10.5 |      10 |       3 |  23.1
     Lair:4 |    6215 |       0 |   0.0 |      35 |       0 |   0.0
     Lair:5 |    3884 |     221 |   5.4 |      13 |       5 |  27.8
     Lair:6 |    9636 |    2853 |  22.8 |      20 |       5 |  20.0
      Orc:1 |     307 |       0 |   0.0 |       6 |       0 |   0.0
      Orc:2 |    1957 |    6550 |  77.0 |      15 |      72 |  82.8
    Abyss:2 |    7000 |       0 |   0.0 |      13 |       0 |   0.0
    Ossuary |       0 |     188 | 100.0 |       0 |      57 | 100.0
            +---------+---------+-------+---------+---------+-------
